 Dungeon Crawl Stone Soup version 0.20-a0-277-g7db01f4 (webtiles) character file.

14701 Duffy the Cleaver (level 11, -3/136 HPs)
             Began as a Demigod Gladiator on Dec 14, 2016.
             Slain by a troll (13 damage)
             ... on level 11 of the Dungeon.
             The game lasted 00:21:58 (16389 turns).

Duffy the Cleaver (Demigod Gladiator)              Turns: 16389, Time: 00:22:00

Health: -3/136     AC: 13    Str: 29    XL:     11   Next: 61%
Magic:  20/20      EV: 14    Int: 12    God:
Gold:   258        SH:  0    Dex: 16    Spells: 10/10 levels left

rFire  + + .     SeeInvis +     C - +3 war axe (flame)
rCold  . . .     Gourm    .     g - +0 plate armour
rNeg   . . .     Faith    .     (no shield)
rPois  .         Spirit   .     (helmet restricted)
rElec  .         Reflect  .     L - +0 cloak
rCorr  +         Harm     .     (no gloves)
MR     +....     Clarity  +     O - +2 pair of boots
Stlth  ..........               E - amulet of rage
                                n - ring of resist corrosion
                                M - +3 ring of evasion

@: berserking, very quick
A: horns 1, talons 1, see invisible, clarity, deformed body, fire resistance 2,
high mp 2
a: Evoke Berserk Rage


You were on level 11 of the Dungeon.
You were very hungry.

You visited 2 branches of the dungeon, and saw 12 of its levels.

You collected 541 gold pieces.
You spent 283 gold pieces at shops.

Inventory:

Hand Weapons
 a - a +1 war axe
 l - a +0 dire flail
 C - a +3 war axe of flaming (weapon)
 U - a +0 blowgun
Missiles
 d - a throwing net (quivered) {!f}
 r - 4 curare-tipped needles
Armour
 c - a +2 helmet
 e - a +0 large shield
 g - a +0 plate armour (worn)
 u - a +0 buckler
 L - a +0 cloak (worn)
 O - a +2 pair of boots (worn)
 V - a +0 shield
Jewellery
 b - an uncursed amulet of guardian spirit
 n - a ring of resist corrosion (right hand)
 B - an uncursed ring of protection from magic
 E - an amulet of rage (around neck)
 M - a +3 ring of evasion (left hand)
Wands
 s - a wand of iceblast (4/15)
 H - a wand of paralysis (13/24)
 K - a wand of lightning (2/15)
 P - a wand of confusion (35/48)
 Q - a wand of flame (33/48)
 T - a wand of lightning (7/15)
Scrolls
 h - a scroll of fog
 j - 4 scrolls of enchant armour
 k - 2 scrolls of enchant weapon
 m - 2 scrolls of immolation
 o - a scroll of remove curse
 p - a scroll of recharging
 t - a scroll of fear
 w - 2 scrolls of teleportation
 I - a scroll of magic mapping
Potions
 i - a potion of magic
 q - 2 potions of might
 z - 2 potions of heal wounds
 A - a potion of brilliance {unknown}
 F - 3 potions of curing
 G - a potion of resistance {unknown}
 R - a potion of lignification
Books
 x - a book of Spatial Translocations

   Spells                             Type                      Level
   a - Blink                          Translocation                2
   b - Shroud of Golubria             Charms/Translocation         2
   c - Lesser Beckoning               Translocation                3
   d - Portal Projectile              Translocation                3
   e - Teleport Other                 Translocation                3
   f - Passage of Golubria            Translocation                4
Miscellaneous
 y - a sack of spiders
Comestibles
 f - 6 bread rations
 v - 3 fruits
 D - 4 meat rations
 J - a royal jelly
 S - 6 slices of pizza


   Skills:
 - Level 6.8 Fighting
 + Level 12.5 Axes
 - Level 1.7 Throwing
 + Level 8.4 Armour
 + Level 4.9 Dodging
 - Level 5.5 Evocations


You had 10 spell levels left.
You didn't know any spells.

Dungeon Overview and Level Annotations

Branches:
Dungeon (11/15)            Temple (1/1) D:4            Lair (0/6) D:8
    Orc (0/2) D:10

Shops:
D:4 [


Innate Abilities, Weirdness & Mutations

You have a considerably increased reservoir of magic. (+20% MP)
You have a pair of small horns on your head.
You have sharp toenails.
You have supernaturally acute eyesight. (SInv)
You possess an exceptional clarity of mind.
Armour fits poorly on your strangely shaped body.
Your flesh is very heat resistant. (rF++)


Message History

You hit the troll but do no damage.
The troll is lightly wounded.
The troll bites you! The troll barely misses you. The troll claws you.
You hit the troll. You burn the troll. Your headbutt misses the troll.
The troll is lightly wounded.
The troll barely misses you. The troll claws you.
The troll claws you but does no damage.
You fail to use your ability.
The troll bites you. The troll claws you. The troll completely misses you.
You hit the troll. You burn the troll.
The troll is lightly wounded.
The troll barely misses you. The troll misses you. The troll claws you.
A red film seems to cover your vision as you go berserk!
You feel yourself moving faster!
You feel mighty!
You are feeling very hungry.
The troll bites you! The troll claws you. The troll closely misses you.
You slash the troll! You burn the troll. You headbutt the troll.
The troll is heavily wounded.
The troll bites you!
You die...

...........#..#..#....#.....#....
...........#..# #....####..#....
...........#..####....#..#..#####
...........#.....#....#..%..#....
...........#.....#.[..#..#..#....
........(..#..#..###'##.(####....
...........#..#..#....#[.#..#....
...........#..####....#..'..#####
...........'...T@.....'..#..#....
..........)#..........#..#..#....
##########+##.##'##...####..'....
.........#........#......####...#
.........#........#..............
###..###..#####'###'####.......
#......#..#......#..#..#.....#.
#......'..#......#..'..####..#.
#..##'##..#...#..##'#.....#..#.


You could see a troll.

Vanquished Creatures
  A yaktaur captain (D:10)
  The ghost of Graouh the Carver, a novice MiFi of Okawaru (D:8)
  The ghost of Graouh the Carver, a novice MiFi of Okawaru (D:7)
  An unseen horror (D:10)
  A deep elf archer (D:10)
  Pikel (D:6)
  An ugly thing (D:11)
  Maurice (D:10)
  Psyche (D:10)
  A gargoyle (D:10)
  A kobold demonologist (D:11)
  3 trolls
  2 hippogriffs (D:7)
  Sigmund (D:6)
  A yak (D:7)
  A human (D:6)
  A hungry ghost (D:8)
  3 hogs (D:7)
  A vampire mosquito (D:10)
  An acid dragon (D:10)
  Duvessa (D:7)
  A water moccasin (D:6)
  2 phantoms
  A black bear (D:8)
  2 sky beasts
  7 orc warriors
  5 ice beasts
  A slave (D:7)
  9 ogres
  7 centaurs
  2 necrophages (D:9)
  A crocodile (D:6)
  6 big kobolds
  3 gnoll sergeants
  3 bullfrogs
  Dowan (D:7)
  2 scorpions
  A water moccasin skeleton (D:10)
  20 killer bees
  2 howler monkeys
  10 crimson imps
  A bullfrog zombie (D:10)
  A quasit (D:9)
  4 hounds
  3 centaur skeletons
  7 orc priests
  5 jellies
  4 bullfrog skeletons
  Crazy Yiuf (D:6)
  Jessica (D:2)
  4 iguanas
  11 orc wizards
  6 worker ants
  A killer bee zombie (D:9)
  2 hound skeletons
  2 howler monkey zombies
  2 howler monkey skeletons
  4 gnolls
  13 adders
  3 shadow imps
  An ooze (D:1)
  2 adder zombies (D:8)
  2 worms (D:2)
  2 adder skeletons
  2 dart slugs
  5 leopard geckos
  50 orcs
  3 ball pythons
  8 giant cockroaches
  12 goblins
  9 hobgoblins
  6 jackals
  14 kobolds
  5 quokkas
  16 bats
  4 frilled lizards
  A giant cockroach zombie (D:6)
  A jackal skeleton (D:4)
  A leopard gecko skeleton (D:4)
  6 rats
337 creatures vanquished.

Vanquished Creatures (others)
  2 slaves (D:7)
  An ogre (D:7)
  A crimson imp (D:7)
  2 kobolds (D:7)
6 creatures vanquished.

Grand Total: 343 creatures vanquished

Notes
Turn   | Place    | Note
-------+----------+-------------------------------------------
     0 | D:1      | Duffy the Demigod Gladiator began the quest for the Orb.
     0 | D:1      | Reached XP level 1. HP: 17/17 MP: 3/3
    46 | D:1      | Reached skill level 2 in Fighting
   130 | D:1      | Reached skill level 3 in Axes
   130 | D:1      | Reached XP level 2. HP: 12/24 MP: 4/4
   766 | D:2      | Noticed Jessica
   770 | D:2      | Reached XP level 3. HP: 21/30 MP: 5/5
   880 | D:2      | Killed Jessica
   975 | D:2      | Reached skill level 3 in Fighting
  1077 | D:2      | Reached XP level 4. HP: 35/38 MP: 6/6
  1154 | D:2      | Reached skill level 4 in Axes
  1290 | D:2      | Found a hazy altar of Hepliaklqana.
  1291 | D:2      | Found a shimmering altar of Xom.
  1291 | D:2      | Noticed a titan simulacrum
  1292 | D:2      | Noticed a spectral ugly thing
  1292 | D:2      | Noticed a titan simulacrum
  2017 | D:3      | Reached XP level 5. HP: 41/45 MP: 7/7
  2072 | D:3      | Found a burning altar of Makhleb.
  2072 | D:3      | Found a glowing golden altar of the Shining One.
  2257 | D:3      | Reached skill level 5 in Axes
  2300 | D:3      | Gained mutation: Your flesh is heat resistant. (rF+) [potion of beneficial mutation]
  2301 | D:3      | Gained mutation: You have sharp toenails. [potion of beneficial mutation]
  3294 | D:3      | Found a faded altar of an unknown god.
  3564 | D:4      | Noticed an ogre
  3697 | D:3      | Reached XP level 6. HP: 41/51 MP: 8/8
  3798 | D:4      | Reached skill level 6 in Axes
  4255 | D:4      | Found a staircase to the Ecumenical Temple.
  4264 | Temple   | Entered the Ecumenical Temple
  4337 | Temple   | Reached skill level 7 in Axes
  4681 | D:4      | Found Haodghiu's Antique Armour Shop.
  4817 | D:4      | Reached XP level 7. HP: 45/57 MP: 9/9
  4937 | D:4      | Found a shimmering altar of Xom.
  5208 | D:5      | Entered Level 5 of the Dungeon
  5219 | D:5      | Reached skill level 8 in Axes
  5431 | D:5      | Reached skill level 4 in Fighting
  5654 | D:5      | Reached XP level 8. HP: 67/67 MP: 10/10
  5732 | D:5      | Reached skill level 5 in Fighting
  6111 | D:5      | Reached skill level 9 in Axes
  6201 | D:6      | Found a shattered altar of Ashenzari.
  6206 | D:6      | Noticed Sigmund
  6343 | D:6      | Killed Sigmund
  6401 | D:6      | Found a runed door.
  6546 | D:6      | Reached skill level 6 in Fighting
  6593 | D:6      | Found an iron altar of Okawaru.
  7016 | D:6      | Noticed Crazy Yiuf
  7024 | D:6      | Killed Crazy Yiuf
  7289 | D:7      | Noticed a hippogriff
  7312 | D:7      | Killed a hippogriff
  7312 | D:7      | Reached XP level 9. HP: 69/78 MP: 11/11
  7370 | D:7      | Noticed Graouh's ghost (novice MiFi)
  7878 | D:7      | Noticed Pikel
  7900 | D:6      | Killed Pikel
  7900 | D:6      | Reached skill level 10 in Axes
  7900 | D:6      | Reached skill level 2 in Armour
  8183 | D:4      | Bought a pair of embroidered boots for 283 gold pieces
  8286 | D:7      | Reached skill level 3 in Armour
  8592 | D:7      | Noticed Duvessa
  8593 | D:7      | Noticed Dowan
  8616 | D:7      | Killed Duvessa
  8660 | D:7      | Killed Dowan
  8660 | D:7      | Reached skill level 4 in Armour
  8884 | D:8      | Found a staircase to the Lair.
  9482 | D:8      | Noticed Graouh's ghost (novice MiFi)
  9556 | D:8      | Reached skill level 1 in Evocations
  9557 | D:8      | Reached skill level 11 in Axes
  9876 | D:8      | Reached skill level 5 in Armour
  9876 | D:8      | Reached XP level 10. HP: 84/84 MP: 12/14
 10184 | D:7      | Killed Graouh's ghost
 10184 | D:7      | Reached skill level 2 in Evocations
 10561 | D:7      | Reached skill level 3 in Evocations
 10897 | D:8      | Killed Graouh's ghost
 10897 | D:8      | Reached skill level 6 in Armour
 11229 | D:8      | Reached skill level 4 in Evocations
 11876 | D:9      | Gained mutation: You have a pair of small horns on your head. [potion of beneficial mutation]
 12089 | D:9      | Found a glowing silver altar of Zin.
 12683 | D:10     | Entered Level 10 of the Dungeon
 12735 | D:10     | Killed an unseen horror
 12735 | D:10     | Reached skill level 7 in Armour
 12735 | D:10     | Reached skill level 5 in Evocations
 12735 | D:10     | Reached XP level 11. HP: 71/91 MP: 18/18
 12828 | D:10     | Noticed Maurice
 12839 | D:10     | Killed Maurice
 13106 | D:10     | Reached skill level 12 in Axes
 13277 | D:10     | Noticed a tengu warrior
 13283 | D:10     | Noticed Psyche
 13589 | D:11     | Gained mutation: You have a considerably increased reservoir of magic. (+20% MP) [potion of mutation]
 13589 | D:11     | Gained mutation: Your spells are a little harder to cast, but a little more powerful. [potion of mutation]
 13590 | D:11     | Gained mutation: Armour fits poorly on your strangely shaped body. [potion of mutation]
 13590 | D:11     | Gained mutation: You possess an exceptional clarity of mind. [potion of mutation]
 13590 | D:11     | Lost mutation: Your spells are a little harder to cast, but a little more powerful. [potion of mutation]
 13591 | D:11     | Gained mutation: Your flesh is very heat resistant. (rF++) [potion of mutation]
 13591 | D:11     | Gained mutation: You have supernaturally acute eyesight. (SInv) [potion of mutation]
 13792 | D:11     | Reached skill level 3 in Dodging
 13958 | D:10     | Killed Psyche
 13983 | D:10     | Found a large runed door.
 13986 | D:10     | Found a large runed door.
 14303 | D:10     | Found a staircase to the Orcish Mines.
 14955 | D:10     | Reached skill level 4 in Dodging
 15214 | D:10     | Reached skill level 8 in Armour
 15433 | D:10     | Found a sparkling altar of Nemelex Xobeh.
 15433 | D:10     | Noticed a yaktaur captain
 15447 | D:10     | Killed a yaktaur captain
 15507 | D:10     | Found a bloodstained altar of Trog.
 15507 | D:10     | Noticed a deep elf archer
 15534 | D:10     | Killed a deep elf archer
 16389 | D:11     | Slain by a troll

Vault maps used:
D:1:      dpeg_arrival_erosion
D:2:      regret_index_temple_of_mockery, nrook_mini_vaults,
          kennysheep_generic_room_9, uniq_jessica
D:3:      amethyst_overflow_temple_binary, chequers_ecumenical_altar_lobes
D:4:      cheibrodos_quashed, serial_shops, nicolae_shop_overgrown_old_shop,
          led_xom_imps
D:5:      first_bread
D:6:      grunt_temple_overflow_open, uniq_sigmund, uniq_crazy_yiuf_cottage
D:7:      hangedman_abyss_or_decor_stabs, minmay_misc_feat_chi, grunt_livestock,
          uniq_pikel, uniq_duvessa
D:8:      dpeg_oklobed_lair
D:9:      kennysheep_mini_moat, grunt_ministairs_2
D:10:     kennysheep_orc_monster_closet_entryway, minmay_variable_closet,
          jmf_multi_god_temple2, uniq_maurice, uniq_psyche
D:11:     corner_web_ring
Temple:   eino_temple_water

Skill      XL: |  1  2  3  4  5  6  7  8  9 10 11 |
---------------+----------------------------------+-----
Fighting       | 2 3 4 6 |  6.8
Axes           | 3 4 5 7 8 9 11 12 | 12.5
Armour         | 5 7 8 |  8.4
Evocations     | 1 5 |  5.5
Dodging        | 4 |  4.9
Throwing       | |  1.7

Action                   |  1- 3 |  4- 6 |  7- 9 | 10-12 || total
-------------------------+-------+-------+-------+-------++-------
Melee: War axe           |   107 |   252 |   354 |   452 ||  1165
       Kick              |       |    48 |    67 |       ||   115
       Headbutt          |       |       |       |    69 ||    69
Throw: Throwing net      |       |       |     1 |     4 ||     5
 Abil: Evoke Berserk Rag |       |       |       |     1 ||     1
Evoke: Wand              |       |       |     3 |     3 ||     6
  Use: Scroll            |       |    10 |     7 |     9 ||    26
       Potion            |       |     2 |     1 |     4 ||     7
 Stab: Sleeping          |       |     2 |       |       ||     2
       Paralysed         |       |       |     3 |     4 ||     7
       Held in net/web   |       |       |       |     2 ||     2
  Eat: Chunk             |     1 |    12 |    10 |     9 ||    32
       Meat ration       |       |       |     1 |       ||     1
       Pizza             |       |       |     1 |     2 ||     3
       Royal jelly       |       |       |     1 |     1 ||     2
       Fruit             |       |       |       |     6 ||     6
       Beef jerky        |       |       |       |     2 ||     2
Armor: Leather armour    |    47 |    45 |       |       ||    92
       Scale mail        |       |     7 |       |       ||     7
       Chain mail        |       |    18 |   227 |    34 ||   279
       Skin              |       |       |     2 |       ||     2
       Plate armour      |       |       |       |   239 ||   239
Dodge: Dodged            |   110 |   167 |   152 |   289 ||   718
